 Dungeon Crawl Stone Soup version bcrawl-1.21 (webtiles) character file.

Game seed: 16872650372113032260

431 Freyura the Cudgeler (level 6, -1/55 HPs)
             Began as a Minotaur Fighter on Feb 9, 2020.
             Was an Initiate of the Shining One.
             Slain by a river rat (3 damage)
             ... in a sewer.
             The game lasted 00:03:45 (2218 turns).

Freyura the Cudgeler (Minotaur Fighter)             Turns: 2218, Time: 00:03:46

Health: -1/55      AC:  7    Str: 20    XL:     6   Next: 67%
Magic:  5/5        EV:  9    Int: 10    God:    the Shining One [......]
Gold:   103        SH: 10    Dex: 12    Spells: 5/5 levels left

rFire    . . .     SeeInvis .   a - +0 flail
rCold    . . .     Gourm    .   c - +0 shield
rNeg     . . .     Faith    .   b - +0 scale mail
rPois    .         Spirit   .   (helmet restricted)
rElec    .         Reflect  .   (no cloak)
rCorr    .         Harm     .   (no gloves)
MR       .....                  (no boots)
Stlth    ..........             (no amulet)
HPRegen  0.18/turn              (no ring)
MPRegen  0.09/turn              (no ring)

@: brilliant, glowing
A: retaliatory headbutt, horns 2
a: Renounce Religion


You were in a sewer.
You worshipped the Shining One.
The Shining One was noncommittal.
You were hungry.

You visited 1 branch of the dungeon, and saw 3 of its levels.
You also visited: Sewer.

You collected 103 gold pieces.

Inventory:

Hand Weapons
 a - a +0 flail (weapon)
Armour
 b - a +0 scale mail (worn)
 c - a +0 shield (worn)
Scrolls
 f - a scroll of enchant weapon {unknown}
 h - 2 scrolls of teleportation {unknown}
 i - 3 scrolls of blinking {unknown}
Potions
 d - a potion of agility {unknown}
 g - a potion of brilliance
 j - 3 potions of might
 k - a potion of resistance {unknown}
 l - a potion of curing {unknown}
Comestibles
 e - 2 rations {!d}
 m - a chunk of flesh


   Skills:
 + Level 4.8 Fighting
 * Level 5.4 Maces & Flails
 + Level 5.0 Armour
 + Level 2.6 Dodging
 + Level 4.8 Shields
 + Level 0.8 Invocations


You had 5 spell levels left.
You didn't know any spells.
Your spell library was empty.

Dungeon Overview and Level Annotations

Branches:
Dungeon (3/12)

Altars:
Elyvilon
The Shining One


Innate Abilities, Weirdness & Mutations

You reflexively headbutt those who attack you in melee.
You have a pair of horns on your head.


Message History

You block the river rat's attack. The river rat bites you!
* * * LOW HITPOINT WARNING * * *
You block the rat's attack.
The river rat bites you but does no damage.
You closely miss the river rat. You block the river rat's attack.
You block the rat's attack. The river rat closely misses you. x2
Your shield and scale mail prevent you from hitting the river rat.
Your headbutt misses the river rat. The rat closely misses you.
The river rat bites you.
* * * LOW HITPOINT WARNING * * *
The river rat bites you!
* * * LOW HITPOINT WARNING * * *
You barely miss the river rat. The rat barely misses you.
You block the river rat's attack. The river rat bites you.
* * * LOW HITPOINT WARNING * * *
It was a potion of brilliance.
You feel clever all of a sudden. You block the rat's attack.
You block the river rat's attack. The river rat bites you.
You die...

≈≈≈≈.......#
...≈≈≈≈≈≈......#
#.≈≈≈≈≈≈......##
#≈≈≈≈≈≈≈.....#
##..≈≈≈≈....÷##
##...≈≈≈......####
.....≈≈......###∩#
....≈≈≈≈rr...###.#
....≈≈≈≈†@....#..#
.....≈≈.r†......##
.....≈≈........##
.....≈≈.≈.÷...##
....≈≈≈≈≈≈....##
#....≈≈≈≈≈.....#
##.≈≈≈≈≈≈......##
#.≈≈≈≈≈≈....#..#
..≈≈≈≈≈≈≈..###.#


You could see 2 river rats and a rat.

Vanquished Creatures
  Sigmund (D:2)
  A big kobold (Sewer)
  A crimson imp (D:2)
  Jessica (D:2)
  2 adders
  2 river rats (Sewer)
  2 oozes
  A worm (D:2)
  A dart slug (D:1)
  4 leopard geckos
  4 orcs
  2 giant cockroaches (D:3)
  8 goblins
  12 hobgoblins
  3 jackals (D:2)
  10 kobolds
  A quokka (D:2)
  2 ball pythons
  8 bats
  6 frilled lizards
  15 rats
87 creatures vanquished.

Notes
Turn   | Place    | Note
-------+----------+-------------------------------------------
     0 | D:1      | Freyura the Minotaur Fighter began the quest for the Orb.
     0 | D:1      | Reached XP level 1. HP: 19/19 MP: 0/0
    65 | D:1      | Reached XP level 2. HP: 21/27 MP: 1/1
   430 | D:1      | Reached skill level 1 in Dodging
   430 | D:1      | Reached XP level 3. HP: 30/33 MP: 2/2
  1084 | D:2      | Noticed Sigmund
  1109 | D:2      | Killed Sigmund
  1109 | D:2      | Reached XP level 4. HP: 24/41 MP: 3/3
  1109 | D:2      | Reached XP level 5. HP: 28/47 MP: 4/4
  1413 | D:2      | Noticed Jessica
  1424 | D:2      | Killed Jessica
  1454 | D:2      | Reached skill level 5 in Maces & Flails
  1454 | D:2      | Reached XP level 6. HP: 53/53 MP: 5/5
  1743 | D:3      | Found a white marble altar of Elyvilon.
  1743 | D:3      | Found a glowing golden altar of the Shining One.
  1748 | D:3      | Became a worshipper of the Shining One
  1803 | D:3      | Found a glowing drain.
  1813 | Sewer    | Entered a sewer
  2201 | Sewer    | Reached skill level 5 in Armour
  2217 | Sewer    | HP: 2/55 [river rat (3)]
  2218 | Sewer    | Slain by a river rat

Skill      XL: |  1  2  3  4  5  6 |
---------------+-------------------+-----
Maces & Flails | 3 4 5 |  5.4
Dodging        | 1 2 |  2.6
Armour         | 4 5 |  5.0
Shields        | 4 |  4.8
Fighting       | 4 |  4.8
Invocations    | |  0.8

Action                   |  1- 3 |  4- 6 || total
-------------------------+-------+-------++-------
Melee: Flail             |    89 |   119 ||   208
       Headbutt          |     9 |    17 ||    26
  Use: Potion            |     1 |     1 ||     2
  Eat: Chunk             |     1 |     3 ||     4
Armor: Scale mail        |    37 |    55 ||    92
Dodge: Dodged            |    32 |    47 ||    79
Block: Shield            |    46 |    95 ||   141
